 Dungeon Crawl Stone Soup version 0.30-a0-743-gbfdf073431 (webtiles) character file.

Game seed: 11608055932375532745

26212 Zenkrye the Basher (level 12, -30/112 HPs)
             Began as an Armataur Berserker on Feb 6, 2023.
             Was a High Priest of Trog.
             Annihilated by a komodo dragon (74 damage)
             ... on level 3 of the Lair of Beasts.
             The game lasted 00:38:33 (15169 turns).

Zenkrye the Basher (Armataur Berserker)            Turns: 15169, Time: 00:38:33

Health: -30/112    AC: 24    Str: 25    XL:     12   Next: 96%
Magic:  12/12      EV:  1    Int:  8    God:    Trog [*****.]
Gold:   987        SH:  0    Dex: 12    Spells: 11/11 levels left

rFire   . . .      SeeInvis .    I - +0 morningstar (freeze)
rCold   + . .      Faith    .    F - +0 buckler
rNeg    . . .      Spirit   .    q - +0 plate armour
rPois   .          Reflect  +    v - +1 helmet
rElec   .          Harm     .    m - +2 cloak
rCorr   .          Roll     +    o - +0 pair of gloves
Will    ++...                    (no barding) Stlth
                                 s - amulet of reflection
HPRegen 1.38/turn                c - ring of protection from cold
MPRegen 0.13/turn                p - +4 ring of protection

@: sleeping, strong-willed, regenerating
A: large, rugged brown scales 3, deformed body, armoured tail, roll, long
tongue, awkward tongue
a: Renounce Religion, Berserk, Trog's Hand, Brothers in Arms


You were on level 3 of the Lair of Beasts.
You worshipped Trog.
Trog was extremely pleased with you.
You visited 2 branches of the dungeon, and saw 15 of its levels.

You collected 1041 gold pieces.
You spent 54 gold pieces at shops.

Inventory:

Hand Weapons
 I - a +0 morningstar of freezing (weapon)
Missiles
 u - 2 javelins
 D - 3 throwing nets {!f}
 H - 7 boomerangs (quivered)
Armour
 i - +0 ice dragon scales
 m - a +2 cloak (worn)
 o - a +0 pair of gloves (worn)
 q - a +0 plate armour (worn)
 v - a +1 helmet (worn)
 F - a +0 buckler (worn)
Jewellery
 c - a ring of protection from cold (left hand)
 n - a ring of positive energy
 p - a +4 ring of protection (right hand)
 s - an amulet of reflection (around neck)
 y - an amulet of the acrobat
 B - a ring of willpower
 G - a ring of ice
 J - a ring of flight
 K - a ring of ice
Wands
 r - a wand of charming (5)
 A - a wand of mindburst (8)
 E - a wand of flame (44)
Scrolls
 b - 5 scrolls of teleportation {@r3}
 e - 2 scrolls of immolation
 j - 2 scrolls of fear
 l - 6 scrolls of magic mapping
 t - a scroll of fog
 w - 4 scrolls of blinking {@r4}
 C - a scroll of poison
Potions
 d - 3 potions of haste {@q3}
 f - 7 potions of curing {@q1}
 g - 2 potions of might {@q4}
 h - 3 potions of mutation
 k - 2 potions of invisibility
 x - a potion of flight
 z - 2 potions of cancellation
 L - 7 potions of ambrosia {unknown}
 M - a potion of brilliance {unknown}
 N - 2 potions of heal wounds {unknown}
 O - a potion of resistance {unknown}
Miscellaneous
 a - a lightning rod (3/4)


   Skills:
 + Level 9.5 Fighting
 - Level 14.0 Maces & Flails
 + Level 11.8 Armour
 + Level 3.2 Dodging
 + Level 6.6 Shields
 - Level 5.0 Evocations


You had 11 spell levels left.
You didn't know any spells.
Your spell library was empty.

Dungeon Overview and Level Annotations

Branches:
Dungeon (11/15)            Temple (0/1) D:5            Lair (4/5) D:8
 Shoals (0/4) Lair:2        Snake (0/4) Lair:2          Orc (0/2) D:9
  Slime: Lair:4-5

Altars:
Dithmenos
Elyvilon
Gozag
Kikubaaqudgha
Nemelex Xobeh
Sif Muna
Trog
Vehumet
Wu Jian
Xom

Shops:
D:8 ?[!(   D:9 *

Annotations:
D:6 3 runed translucent doors, SirDiesAlot's ghost, amateur DsFi
Lair:2 2 transporters, baller8008's ghost, journeyman DECj


Innate Abilities, Weirdness & Mutations

You are completely covered in rugged brown scales. (AC +3, +7% HP)
Armour fits poorly on your strangely shaped body.
You have a long armoured tail.
You roll when moving toward enemies. (Rampage)
Your long tongue fully drains potion bottles. (2x potion effects)
Your tongue gives you trouble enunciating. (1.5x scroll delay)


Message History

The wyvern bites you but does no damage.
The komodo dragon barely misses you.
You barely miss the komodo dragon. You tail-slap the komodo dragon.
The komodo dragon is heavily wounded.
The wyvern bites you but does no damage.
You block the dream sheep's attack.
The dream sheep bites you but does no damage.
The komodo dragon bites you!
You are too injured to fight recklessly!
You are too injured to fight recklessly!
You barely miss the wyvern.
You tail-slap the wyvern, but do no damage.
The komodo dragon is no longer moving slowly.
The wyvern bites you. You block the dream sheep's attack.
The dream sheep bites you but does no damage.
You closely miss the wyvern. The wyvern barely misses you.
The komodo dragon bites you but does no damage.
The dream sheep bites you but does no damage. x2
You block the wyvern's attack.
You hit the wyvern but do no damage.
Your tail-slap misses the wyvern.
You block the wyvern's attack. You block the komodo dragon's attack.
You impale the wyvern!! You freeze the wyvern.
The wyvern is almost dead.
The dream sheep bites you but does no damage.
You block the dream sheep's attack. The wyvern barely misses you.
The komodo dragon bites you.
You barely miss the wyvern.
Your tail-slap misses the wyvern.
The wyvern is almost dead.
The wyvern closely misses you. You block the dream sheep's attack.
The dream sheep ruffle their wool and motes of dream dust sparkle, to no effect.
You puncture the wyvern! You freeze the wyvern.
You kill the wyvern!
Trog accepts your kill.
The komodo dragon completely misses you.
The dream sheep shake their wool and sparkle.
You feel drowsy...
You fall asleep.
The dream sheep bites you but does no damage.
The komodo dragon bites you!!!!
Ouch! That really hurt!
You die...

####....##
#..#.....###
##.........P##
##............#
#.............###
#..............#.
##............<..#
#†Y...............
#@†..............^
#lY...............
##.................
#..........<.....P.
#.#..............P#
#.#.............###
##.............####
#.#...............
###.........P....#


You could see a komodo dragon and 2 dream sheep.

Vanquished Creatures
  Harold (Lair:2)
  A hydra (Lair:3)
  Erica (D:8)
  A boulder beetle (D:11)
  2 two-headed ogres (D:11)
  Pikel (D:8)
  A salamander (Lair:2)
  A merfolk siren (Lair:2)
  3 elephants
  Maggie (D:7)
  2 black mambas (Lair:1)
  4 cane toads
  5 rime drakes
  4 komodo dragons
  4 trolls
  A queen bee (Lair:2)
  A hornet (D:8)
  Prince Ribbit (D:9)
  5 blink frogs
  3 dream sheep
  Eustachio (D:4)
  7 yaks
  3 basilisks
  6 wyverns
  3 steam dragons
  Grum (D:8)
  8 vampire mosquitoes (D:11)
  Menkaure (D:7)
  9 water moccasins
  3 acid dragons
  9 orc warriors
  A sky beast (D:7)
  3 ice beasts
  A black bear (D:6)
  3 ogres
  22 wolves
  11 centaurs
  A phantom (D:6)
  2 kobold brigands
  A lemure (D:8)
  7 bullfrogs
  2 gnoll sergeants
  3 scorpions
  9 wights
  27 killer bees
  A howler monkey (D:5)
  2 lava snakes (Lair:2)
  4 jellies
  A gnoll bouda (D:5)
  4 orc priests (D:9)
  Crazy Yiuf (D:2)
  4 hounds
  2 iguanas (D:5)
  12 orc wizards
  13 gnolls
  4 river rats
  4 adders
  A shadow imp (D:7)
  2 white imps
  3 worms
  A dart slug (D:1)
  34 orcs
  10 ball pythons
  11 endoplasms
  3 giant cockroaches
  5 goblins
  8 hobgoblins
  5 jackals
  14 kobolds
  2 quokkas
  4 bats (D:1)
  2 frilled lizards
  12 rats
356 creatures vanquished.

Vanquished Creatures (others)
  2 killer bees (Lair:2)
  11 fungi
  13 plants
  4 toadstools (D:8)
30 creatures vanquished.

Grand Total: 386 creatures vanquished

Notes
Turn   | Place    | Note
-------+----------+-------------------------------------------
     0 | D:1      | Zenkrye the Armataur Berserker began the quest for the Orb.
     0 | D:1      | Reached XP level 1. HP: 19/19 MP: 1/1
    39 | D:1      | HP: 1/28 [rat (2)]
    44 | D:1      | Reached skill level 3 in Maces & Flails
   193 | D:1      | Found a faded altar of an unknown god.
   244 | D:1      | Reached XP level 2. HP: 26/26 MP: 2/2
   753 | D:2      | Reached XP level 3. HP: 32/32 MP: 3/3
   855 | D:2      | Identified the +2 ring mail of the Chewing Gods {-Tele
                  | Will+ Int+5}
   892 | D:2      | Reached ** piety under Trog
   893 | D:2      | Reached skill level 4 in Maces & Flails
   955 | D:2      | Found a runed translucent door.
   956 | D:2      | Noticed Crazy Yiuf
  1476 | D:2      | Killed Crazy Yiuf
  1477 | D:2      | Reached XP level 4. HP: 39/39 MP: 4/4
  2254 | D:4      | Found a sparkling altar of Nemelex Xobeh.
  2254 | D:4      | Found a shadowy altar of Dithmenos.
  2254 | D:4      | Found a radiant altar of Vehumet.
  2255 | D:4      | Found an ornate altar of the Wu Jian Council.
  2255 | D:4      | Found a white marble altar of Elyvilon.
  2272 | D:4      | Found an ancient bone altar of Kikubaaqudgha.
  2274 | D:4      | Found a shimmering blue altar of Sif Muna.
  2276 | D:4      | Found an opulent altar of Gozag.
  2351 | D:4      | Reached skill level 5 in Maces & Flails
  2405 | D:4      | Noticed Eustachio
  2434 | D:4      | Killed Eustachio
  2435 | D:4      | Reached skill level 6 in Maces & Flails
  2435 | D:4      | Reached XP level 5. HP: 44/44 MP: 5/5
  2583 | D:4      | Reached XP level 6. HP: 49/53 MP: 6/6
  2733 | D:4      | You fall into a shaft and drop 1 floor!
  2733 | D:5      | Entered Level 5 of the Dungeon
  2828 | D:5      | Found the +4 robe of Augmentation {Str+4 Int+4 Dex+4}
  2891 | D:5      | Reached skill level 7 in Maces & Flails
  2955 | D:5      | HP: 2/53 [ogre/+0 giant club (12)]
  2958 | D:5      | Reached XP level 7. HP: 3/59 MP: 7/7
  3322 | D:5      | Reached skill level 8 in Maces & Flails
  3525 | D:5      | Found a staircase to the Ecumenical Temple.
  3532 | D:5      | Reached *** piety under Trog
  4295 | D:6      | Found a shimmering altar of Xom.
  4313 | D:6      | Reached skill level 9 in Maces & Flails
  4313 | D:6      | Reached XP level 8. HP: 66/66 MP: 8/8
  4646 | D:6      | Found a runed translucent gate.
  4646 | D:6      | Found a runed translucent gate.
  4646 | D:6      | Found a runed translucent gate.
  4647 | D:6      | Noticed SirDiesAlot's ghost (amateur DsFi)
  4647 | D:6      | Noticed a kobold demonologist
  4820 | D:6      | Reached skill level 10 in Maces & Flails
  5465 | D:7      | Reached XP level 9. HP: 62/75 MP: 9/9
  5540 | D:7      | Noticed Maggie
  5551 | D:7      | Killed Maggie
  5579 | D:7      | Reached skill level 5 in Armour
  5582 | D:7      | HP: 3/77 [centaur (3)]
  5971 | D:7      | Noticed Menkaure
  5978 | D:7      | Reached skill level 11 in Maces & Flails
  5979 | D:7      | Killed Menkaure
  6305 | D:8      | Noticed Grum
  6314 | D:8      | Reached skill level 5 in Fighting
  6321 | D:8      | Killed Grum
  6335 | D:8      | Reached XP level 10. HP: 86/86 MP: 10/10
  6681 | D:8      | Noticed Erica
  6699 | D:8      | Killed Erica
  6700 | D:8      | Reached skill level 12 in Maces & Flails
  6744 | D:8      | Found a staircase to the Lair.
  6746 | D:8      | Identified the +6 dagger of the Incandescent {spect, +Blink
                  | rCorr}
  6807 | D:8      | Noticed Pikel
  6818 | D:8      | Killed Pikel
  6937 | D:8      | Found Diux's Weapon Shop.
  6937 | D:8      | Found Myheapp's Distillery.
  6938 | D:8      | Found Otaruna's Armour Shop.
  6938 | D:8      | Found Puill's Magic Scroll Shop.
  6946 | D:8      | Bought a +0 buckler for 54 gold pieces
  7381 | D:9      | Paralysed by a hornet for 1 turns
  7391 | D:8      | Paralysed by a hornet for 2 turns
  7685 | D:9      | Reached skill level 1 in Shields
  7752 | D:9      | Found Hottoe's General Store.
  8105 | D:9      | Noticed Prince Ribbit
  8136 | D:9      | Killed Prince Ribbit
  8136 | D:9      | Reached **** piety under Trog
  8266 | D:9      | Found a staircase to the Orcish Mines.
  8684 | D:10     | Entered Level 10 of the Dungeon
  8706 | D:10     | Identified the +7 battleaxe of Fedhas's Outrage {heavy, rC+
                  | rN+ MP+9 SInv}
  8713 | D:10     | Reached XP level 11. HP: 96/97 MP: 11/11
  9411 | D:11     | Noticed a two-headed ogre
  9422 | D:11     | Killed a two-headed ogre
  9423 | D:11     | Reached skill level 13 in Maces & Flails
  9423 | D:11     | Reached skill level 1 in Evocations
  9924 | D:11     | Identified the +8 long sword "Cuothacou" {spect, rC+
                  | Stlth+}
 10013 | D:11     | Noticed a boulder beetle
 10036 | D:11     | Killed a boulder beetle
 10137 | D:11     | Noticed a two-headed ogre
 10144 | D:11     | Killed a two-headed ogre
 10330 | Lair:1   | Entered Level 1 of the Lair of Beasts
 10337 | Lair:1   | Identified the +3 pair of boots of Edwayduf {Dex+4}
 11389 | Lair:1   | Reached skill level 5 in Shields
 11472 | Lair:1   | Reached XP level 12. HP: 44/108 MP: 12/12
 11718 | Lair:2   | Reached ***** piety under Trog
 11780 | Lair:2   | Found a transporter.
 11796 | Lair:2   | Noticed baller8008's ghost (journeyman DECj)
 11810 | Lair:2   | Found a bloodstained altar of Trog.
 11879 | Lair:2   | Reached skill level 14 in Maces & Flails
 11879 | Lair:2   | Reached skill level 10 in Armour
 12024 | Lair:2   | Found a transporter.
 12145 | Lair:2   | Noticed Harold
 12160 | Lair:2   | Killed Harold
 12161 | Lair:2   | Reached skill level 5 in Evocations
 12736 | Lair:2   | Found a staircase to the Snake Pit.
 12850 | Lair:2   | Found a staircase to the Shoals.
 13374 | Lair:2   | Identified the +6 spear of Bodily Humours {spect, Int+4}
 13909 | Lair:3   | Noticed a seven-headed hydra
 13918 | Lair:3   | Killed a seven-headed hydra
 15169 | Lair:3   | Annihilated by a komodo dragon

Illustrated notes

Levels and vault maps discovered:
D:1:      spicycebolla_green_bress_n_ham, layout_loops_ring,
          shapermc_ecumenical_altar_acropolis
D:2:      layout_basic, uniq_crazy_yiuf_cottage
D:3:      layout_basic
D:4:      layout_loops_cross, grunt_temple_overflow_open, uniq_eustachio
D:5:      layout_loops_ring, minmay_temple_entry_trees, portal_sewer_entry_e,
          minmay_between
D:6:      layout_gridville, mainiacjoe_overflow_alcove_4,
          gammafunk_ghost_nasty_kobolds
D:7:      layout_basic, uniq_menkaure, uniq_maggie
D:8:      layout_loops_ring, dpeg_oklobed_lair, serial_rivers,
          chequers_serial_rivers_micro_d, chequers_serial_rivers_large_b,
          chequers_serial_rivers_small_3, chequers_serial_rivers_marsh,
          chequers_serial_rivers_micro_e, chequers_serial_rivers_small_b,
          minmay_gold_behind_fungi, minmay_shop_grid_forest, uniq_pikel,
          uniq_erica, uniq_grum
D:9:      layout_rooms, david_orc_4, serial_shops, kennysheep_little_box,
          chequers_serial_rivers_room_a, kennysheep_minor_cross,
          minmay_misc_feat_room, grunt_decor_cap, uniq_prince_ribbit1
D:10:     layout_rooms
D:11:     layout_roguey
Lair:1:   layout_roguey, grunt_megastairs_1
Lair:2:   regret_index_bee_streams, layout_hall_layers,
          elwin_shoals_entry_rooms, nicolae_snake_entry_warm_welcome,
          gammafunk_ghost_wrathful_warriors, minivault_24, uniq_harold
Lair:3:   layout_cave_pods, serial_bayou_lagoon_a,
          chequers_serial_rivers_large_a
Lair:4:   layout_hall_layers, minmay_slime_entry_oklob_open, enter_volcano_4

Skill      XL: |  1  2  3  4  5  6  7  8  9 10 11 12 |
---------------+-------------------------------------+-----
Maces & Flails | 3 4 6 7 9 10 11 12 13 14 | 14.0
Fighting       | 3 5 6 7 9 |  9.5
Armour         | 4 6 8 9 11 | 11.8
Shields        | 2 5 6 |  6.6
Evocations     | 3 5 |  5.0
Dodging        | 3 |  3.2

Action                     |  1- 3 |  4- 6 |  7- 9 | 10-12 || total
---------------------------+-------+-------+-------+-------++-------
  Melee: Mace              |    86 |   154 |   282 |    76 ||   598
         Tailslap          |    11 |    16 |    42 |   118 ||   187
         Punch             |     1 |       |     3 |       ||     4
         Flail             |       |       |       |   152 ||   152
         Morningstar       |       |       |       |   638 ||   638
  Throw: Boomerang         |     1 |       |     3 |    55 ||    59
         Javelin           |       |       |       |     2 ||     2
         Throwing net      |       |       |       |     1 ||     1
 Invoke: Berserk           |     2 |     2 |     8 |     6 ||    18
         Trog's Hand       |       |     2 |     6 |    14 ||    22
  Evoke: Lightning rod     |       |       |       |     8 ||     8
         Wand              |       |       |       |     2 ||     2
    Use: Scroll            |     2 |     6 |     6 |    11 ||    25
         Potion            |       |       |     1 |       ||     1
 Armour: Animal skin       |    13 |       |       |       ||    13
         Ring mail         |     9 |     7 |       |       ||    16
         Chain mail        |       |    90 |    51 |       ||   141
         Robe              |       |     8 |       |       ||     8
         Plate armour      |       |       |   106 |   666 ||   772
  Dodge: Dodged            |    33 |    61 |    81 |   234 ||   409
  Block: Buckler           |       |       |       |   327 ||   327
         Reflection        |       |       |       |     1 ||     1

Table legend: (Time is in decaauts)
 A = Elapsed time spent in this place.
 B = Non-inter-level travel time spent in this place.
 C = Inter-level travel time spent in this place.
 D = Time resting spent in this place.
 E = Time spent auto-exploring this place.
 F = Levels seen in this place.
 G = Mean time per level.
                   A        B        C        D        E       F      G
               +--------+--------+--------+--------+--------+-----+--------+
         Total |  15174 |  14799 |    375 |   2075 |  10230 |  15 | 1011.6 |
       Dungeon |  10390 |  10132 |    258 |   1041 |   7369 |  11 |  944.5 |
          Lair |   4784 |   4667 |    117 |   1034 |   2861 |   4 | 1196.0 |
               +--------+--------+--------+--------+--------+-----+--------+

Top non-repeatable levels by time:
  Lair:1: 1670 daAuts
  Lair:2: 1609 daAuts
  Lair:3: 1485 daAuts
     D:5: 1398 daAuts
     D:8: 1365 daAuts
     D:7: 1227 daAuts
     D:9: 1027 daAuts
     D:6: 989 daAuts
    D:11: 892 daAuts
     D:2: 841 daAuts
     D:1: 734 daAuts
     D:3: 717 daAuts
    D:10: 703 daAuts
     D:4: 493 daAuts
  Lair:4: 18 daAuts
